 Dungeon Crawl Stone Soup version 0.24.0-37-gcf1ca852f1 (webtiles) character file.

Game seed: 16718700797510212668, levelgen mode: deterministic

289 Iamsoldier the Charmwright (level 6, -5/50 HPs)
             Began as a Gnoll Skald on Dec 1, 2019.
             Was a Follower of Qazlal.
             Slain by a blizzard demon (12 damage)
             ... on level 1 of the Abyss.
             The game lasted 00:08:38 (3392 turns).

Iamsoldier the Charmwright (Gnoll Skald)            Turns: 3392, Time: 00:08:39

Health: -5/50      AC:  6    Str: 13    XL:     6   Next: 31%
Magic:  14/14      EV: 14    Int: 17    God:    Qazlal [*.....]
Gold:   221        SH:  1    Dex: 15    Spells: 6/15 levels left

rFire    . . .     SeeInvis .   a - +0 spear
rCold    . . .     Gourm    .   (no shield)
rNeg     . . .     Faith    .   b - +0 leather armour
rPois    .         Spirit   .   v - +1 helmet
rElec    .         Reflect  .   (no cloak)
rCorr    .         Harm     .   (no gloves)
MR       .....                  c - +0 pair of boots
Stlth    ++........             (no amulet)
HPRegen  0.16/turn              (no ring)
MPRegen  0.14/turn              (no ring)

@: about to teleport, very slightly contaminated
A: distributed training, fangs 1, strong nose
a: Renounce Religion


You were on level 1 of the Abyss.
You worshipped Qazlal.
Qazlal was aware of your devotion.
You were hungry.

You visited 1 branch of the dungeon, and saw 4 of its levels.
You visited the Abyss 1 time.

You collected 221 gold pieces.

Inventory:

Hand Weapons
 a - a +0 spear (weapon)
Missiles
 r - 6 curare-tipped darts (quivered)
 x - 12 poisoned darts
Armour
 b - a +0 leather armour (worn)
 c - a +0 pair of boots (worn)
 p - a +1 shield of reflection
 v - a +1 helmet (worn)
Jewellery
 A - an uncursed amulet of harm {unknown}
Wands
 t - a wand of enslavement (12)
 u - a wand of flame (13)
 y - a wand of iceblast (5)
Scrolls
 f - a scroll of remove curse
 h - 7 scrolls of identify {unknown}
 n - 2 scrolls of noise {unknown}
 q - a scroll of enchant armour
Potions
 g - a potion of haste {unknown}
 j - 3 potions of curing
 k - 2 potions of magic {unknown}
 m - 2 potions of lignification {unknown}
 o - a potion of invisibility {unknown}
 w - a potion of berserk rage {unknown}
Comestibles
 d - 8 rations
 z - 10 chunks of flesh


   Skills:
 + Level 4.9 Fighting
 + Level 1.8 Short Blades
 + Level 1.8 Long Blades
 + Level 1.8 Axes
 + Level 1.8 Maces & Flails
 + Level 4.9 Polearms
 + Level 1.8 Staves
 + Level 1.8 Slings
 + Level 1.8 Bows
 + Level 1.8 Crossbows
 + Level 1.8 Throwing
 + Level 3.2 Armour
 + Level 4.9 Dodging
 + Level 1.8 Stealth
 + Level 1.8 Shields
 + Level 1.8 Unarmed Combat
 + Level 5.3 Spellcasting
 + Level 1.4 Conjurations
 + Level 1.4 Hexes
 + Level 5.6 Charms
 + Level 1.4 Summonings
 + Level 1.4 Necromancy
 + Level 1.4 Translocations
 + Level 1.4 Transmutations
 + Level 1.4 Fire Magic
 + Level 1.4 Ice Magic
 + Level 1.4 Air Magic
 + Level 1.4 Earth Magic
 + Level 1.4 Poison Magic
 + Level 2.0 Invocations
 + Level 1.8 Evocations


You had 6 spell levels left.
You knew the following spells:

 Your Spells              Type           Power        Failure   Level  Hunger
a - Infusion              Chrm           ###.         1%          1    None
b - Shroud of Golubria    Chrm/Tloc      ###...       6%          2    #......
c - Spectral Weapon       Hex/Chrm       ###.....     12%         3    ##.....
d - Regeneration          Chrm/Necr      ###.......   12%         3    ##.....

Your spell library contained the following spells:

 Spells                   Type           Power        Failure   Level  Hunger
 Song of Slaying          Chrm           ###.....     2%          2    #......


Dungeon Overview and Level Annotations

Branches:
Dungeon (4/15)
 Temple: D:4-7

Altars:
Fedhas
Qazlal


Innate Abilities, Weirdness & Mutations

Your experience applies equally to all skills.
You have very sharp teeth.
Your uncanny sense of smell can sniff out nearby items.


Message History

You bite the blizzard demon, but do no damage.
The blizzard demon is lightly wounded.
The blizzard demon waves its arms in wide circles.
The air twists around and strikes you!
You hit the blizzard demon but do no damage.
The blizzard demon is lightly wounded.
The blizzard demon hits you.
* * * LOW HITPOINT WARNING * * *
The blizzard demon hits you but does no damage.
You closely miss the blizzard demon.
The blizzard demon is lightly wounded.
The blizzard demon hits you but does no damage.
The blizzard demon hits you!
* * * LOW HITPOINT WARNING * * *
You hit the blizzard demon but do no damage.
The blizzard demon is lightly wounded.
You hit the blizzard demon but do no damage.
The blizzard demon is lightly wounded.
The blizzard demon barely misses you. The blizzard demon hits you!
You die...

# ...
.#.#.
..## #.#
. #2.##.
.. # # .
#. .
#.####..
# .. .
#....#
.# .# #
# ##.#
..# #.
#..### #
. #.§§§#
## #.
###§§# #
.
#@2§#.##
# .#
#####.#.
# # # ∆


You could see a blizzard demon.

Vanquished Creatures
  A bullfrog (D:3)
  A scorpion (D:4)
  A hound (D:4)
  An orc wizard (D:4)
  3 adders
  3 oozes
  2 worms
  A dart slug (D:2)
  3 orcs
  5 giant cockroaches
  9 goblins
  2 hobgoblins (D:1)
  7 jackals
  12 kobolds
  2 ball pythons
  6 bats
  2 frilled lizards
  7 rats
68 creatures vanquished.

Vanquished Creatures (others)
  A spectral weapon (D:4)
1 creature vanquished.

Grand Total: 69 creatures vanquished

Notes
Turn   | Place    | Note
-------+----------+-------------------------------------------
     0 | D:1      | Iamsoldier the Gnoll Skald began the quest for the Orb.
     0 | D:1      | Reached XP level 1. HP: 20/20 MP: 6/6
   202 | D:1      | Reached XP level 2. HP: 26/26 MP: 4/7
   977 | D:1      | Reached XP level 3. HP: 31/31 MP: 9/9
   982 | D:1      | Learned a level 3 spell: Regeneration
   985 | D:1      | Learned a level 2 spell: Shroud of Golubria
  1106 | D:2      | Reached skill level 5 in Spellcasting
  1415 | D:2      | Found a blossoming altar of Fedhas.
  1527 | D:2      | Reached skill level 1 in Invocations
  1574 | D:2      | Reached skill level 1 in Short Blades
  1574 | D:2      | Reached skill level 1 in Long Blades
  1574 | D:2      | Reached skill level 1 in Axes
  1574 | D:2      | Reached skill level 1 in Maces & Flails
  1574 | D:2      | Reached skill level 1 in Staves
  1574 | D:2      | Reached skill level 1 in Slings
  1574 | D:2      | Reached skill level 1 in Bows
  1574 | D:2      | Reached skill level 1 in Crossbows
  1574 | D:2      | Reached skill level 1 in Throwing
  1574 | D:2      | Reached skill level 1 in Stealth
  1574 | D:2      | Reached skill level 1 in Shields
  1574 | D:2      | Reached skill level 1 in Unarmed Combat
  1574 | D:2      | Reached skill level 1 in Evocations
  1702 | D:2      | Found a stormy altar of Qazlal.
  1709 | D:2      | Reached XP level 4. HP: 38/38 MP: 11/11
  1734 | D:2      | Became a worshipper of Qazlal Stormbringer
  1769 | D:2      | Learned a level 3 spell: Spectral Weapon
  2398 | D:3      | Reached skill level 1 in Conjurations
  2398 | D:3      | Reached skill level 1 in Hexes
  2398 | D:3      | Reached skill level 1 in Summonings
  2398 | D:3      | Reached skill level 1 in Necromancy
  2398 | D:3      | Reached skill level 1 in Translocations
  2398 | D:3      | Reached skill level 1 in Transmutations
  2398 | D:3      | Reached skill level 1 in Fire Magic
  2398 | D:3      | Reached skill level 1 in Ice Magic
  2398 | D:3      | Reached skill level 1 in Air Magic
  2398 | D:3      | Reached skill level 1 in Earth Magic
  2398 | D:3      | Reached skill level 1 in Poison Magic
  2608 | D:3      | Noticed a bullfrog
  2619 | D:3      | Killed a bullfrog
  2619 | D:3      | Reached XP level 5. HP: 23/43 MP: 3/12
  3143 | D:4      | Reached * piety under Qazlal
  3167 | D:4      | Reached XP level 6. HP: 49/50 MP: 9/13
  3264 | D:4      | Cast into level 1 of the Abyss (orc priest)
  3370 | Abyss:1  | Noticed a blizzard demon
  3392 | Abyss:1  | Slain by a blizzard demon

Levels and vault maps discovered:
D:1:      saegor_arrival_simple_a, layout_basic
D:2:      layout_basic, nicolae_overflow_hidden_temple, lemuel_round_altar,
          lemuel_round_altar, minmay_fountain_box, st_stairs_1
D:3:      layout_loops_ring, first_ration
D:4:      layout_rooms, minmay_temple_entry_mist, uniq_duvessa
Abyss:1:  base: D:1, minivault_26

Skill      XL: |  1  2  3  4  5  6 |
---------------+-------------------+-----
Spellcasting   | 5 |  5.3
Invocations    | 1 2 |  2.0
Short Blades   | 1 |  1.8
Long Blades    | 1 |  1.8
Axes           | 1 |  1.8
Maces & Flails | 1 |  1.8
Staves         | 1 |  1.8
Slings         | 1 |  1.8
Bows           | 1 |  1.8
Crossbows      | 1 |  1.8
Throwing       | 1 |  1.8
Stealth        | 1 |  1.8
Shields        | 1 |  1.8
Unarmed Combat | 1 |  1.8
Evocations     | 1 |  1.8
Conjurations   | 1 |  1.4
Hexes          | 1 |  1.4
Summonings     | 1 |  1.4
Necromancy     | 1 |  1.4
Translocations | 1 |  1.4
Transmutations | 1 |  1.4
Fire Magic     | 1 |  1.4
Ice Magic      | 1 |  1.4
Air Magic      | 1 |  1.4
Earth Magic    | 1 |  1.4
Poison Magic   | 1 |  1.4
Armour         | 3 |  3.2
Fighting       | |  4.9
Polearms       | |  4.9
Dodging        | |  4.9
Charms         | |  5.6

Action                   |  1- 3 |  4- 6 || total
-------------------------+-------+-------++-------
Melee: Spear             |   125 |   137 ||   262
       Bite              |    13 |    11 ||    24
 Cast: Infusion          |     5 |     1 ||     6
       Regeneration      |     2 |     1 ||     3
       Shroud of Golubri |       |     7 ||     7
       Spectral Weapon   |       |     6 ||     6
  Use: Scroll            |       |     7 ||     7
       Potion            |       |     1 ||     1
 Stab: Sleeping          |     1 |     5 ||     6
  Eat: Chunk             |     3 |     5 ||     8
Armor: Leather armour    |    19 |    21 ||    40
Dodge: Dodged            |    70 |    77 ||   147
Block: Other             |       |     2 ||     2
